 Dungeon Crawl Stone Soup version 0.28.0-53-g5a82cb258f (webtiles) character file.

Game seed: 12151756098556222614

324412 Infinimo the Ninja (level 22, 0/153 HPs)
             Began as a Kobold Berserker on June 17, 2022.
             Was a High Priest of Trog.
             Slain by Mennas
             ... wielding a +0 trishula of holy wrath
              (11 damage)
             ... on level 2 of the Vaults.
             The game lasted 00:56:01 (45842 turns).

Infinimo the Ninja (Kobold Berserker)              Turns: 45842, Time: 00:56:01

Health: 0/153      AC: 15    Str: 15    XL:     22   Next: 56%
Magic:  22/22      EV: 28    Int: 16    God:    Trog [*****.]
Gold:   1630       SH: 20    Dex: 24    Spells: 21/21 levels left

rFire   + + +      SeeInvis .   b - +5 quick blade of Pride {drain, rF++ Int+2}
rCold   + + .      Faith    .   g - +0 kite shield
rNeg    + . .      Spirit   .   F - +5 ring mail of the Dwarven Hall {Fly Slay+5}
rPois   .          Reflect  +   D - +1 hat of Poor Excuses {Drain +Inv Regen+ rCorr}
rElec   .          Harm     .   p - scarf {shadows}
rCorr   +          Rampage  .   t - +0 pair of gloves "Neafox" {rF++}
Will    +....                   Z - +2 pair of boots {Stlth+}
Stlth   +++++.....              m - amulet "Tiesuy" {Reflect Int+5 Dex+3 SH+5}
HPRegen 1.15/turn               Y - ring of Pantheism {Wiz Fly rC++ rCorr Dex-3}
MPRegen 0.18/turn               G - ring of positive energy

@: on berserk cooldown, flying, slowed, glowing, silenced, very slow
A: small, no large weapons, nightstalker 3
}: 2/15 runes: decaying, gossamer
a: Renounce Religion, Evoke Invisibility


You were on level 2 of the Vaults.
You worshipped Trog.
Trog was extremely pleased with you.
You visited 6 branches of the dungeon, and saw 33 of its levels.
You also visited: Trove and Gauntlet.

You collected 4251 gold pieces.
You spent 2621 gold pieces at shops.

Inventory:

Hand Weapons
 b - the +5 quick blade of Pride (weapon) {drain, rF++ Int+2}
   (You acquired it on level 4 of the Dungeon)

   A truly terrible weapon, it drains the life of any living foe it strikes.
   Int:       It affects your intelligence (+2).
   rF:        It greatly protects you from fire.
 h - a +9 rapier
 k - a +7 vorpal rapier
Missiles
 l - 8 throwing nets (quivered)
Armour
 g - a +0 kite shield (worn)
 p - a scarf of shadows (worn)
 q - a scarf of resistance
 t - the +0 pair of gloves "Neafox" (worn) {rF++}
   (You found it on level 1 of the Vaults)

   rF:        It greatly protects you from fire.
 B - a +2 cloak of poison resistance
 D - the +1 hat of Poor Excuses (worn) {Drain +Inv Regen+ rCorr}
   (You found it in a Gauntlet)

   +Inv:      It lets you turn invisible.
   Regen:     It increases your rate of health regeneration.
   rCorr:     It protects you from acid and corrosion.
   Drain:     It drains your maximum health when unequipped.
 F - the +5 ring mail of the Dwarven Hall (worn) {Fly Slay+5}
   (You found it on level 9 of the Dungeon)

   Slay:      It affects your accuracy & damage with ranged weapons and melee
   (+5).
   Fly:       It grants you flight.
 Z - a +2 pair of boots of stealth (worn)
Jewellery
 j - a ring of poison resistance
 m - the amulet "Tiesuy" (around neck) {Reflect Int+5 Dex+3 SH+5}
   (You found it in a treasure trove)

   [amulet of reflection]

   It reflects blocked missile attacks.
   Int:       It affects your intelligence (+5).
   Dex:       It affects your dexterity (+3).
   SH:        It affects your SH (+5).
 v - a ring of flight
 x - a ring of resist corrosion
 G - a ring of positive energy (right hand)
 Y - the ring of Pantheism (left hand) {Wiz Fly rC++ rCorr Dex-3}
   (You took it off a deep elf zephyrmancer on level 15 of the Dungeon)

   [ring of wizardry]

   It improves your spell success rate.
   Dex:       It affects your dexterity (-3).
   rC:        It greatly protects you from cold.
   Fly:       It grants you flight.
   rCorr:     It protects you from acid and corrosion.
Wands
 a - a wand of acid (2)
 o - a wand of digging (15)
 r - a wand of flame (53)
 K - a wand of polymorph (18)
 L - a wand of iceblast (11)
 Q - a wand of mindburst (11)
 U - a wand of paralysis (17)
Scrolls
 d - 8 scrolls of magic mapping
 n - 5 scrolls of fog
 s - 8 scrolls of fear
 y - 6 scrolls of blinking
 C - 10 scrolls of teleportation
 I - 2 scrolls of silence
 N - 6 scrolls of enchant armour
 S - 3 scrolls of summoning
 T - a scroll of holy word
Potions
 c - 7 potions of ambrosia
 e - a potion of invisibility
 f - 2 potions of cancellation
 i - 7 potions of heal wounds
 u - 6 potions of might
 w - 12 potions of curing
 z - 7 potions of magic
 A - 9 potions of mutation
 E - 10 potions of haste
 J - 3 potions of attraction
 V - 2 potions of resistance
 X - 2 potions of berserk rage


   Skills:
 + Level 20.5 Fighting
 + Level 21.0 Short Blades
 - Level 1.5 Armour
 + Level 19.3 Dodging
 O Level 27 Stealth
 + Level 13.5 Shields


You had 21 spell levels left.
You didn't know any spells.
Your spell library was empty.

Dungeon Overview and Level Annotations

Branches:
Dungeon (15/15)            Temple (0/1) D:5            Lair (6/6) D:8
  Swamp (4/4) Lair:3       Spider (4/4) Lair:2        Slime (0/5) Lair:6
    Orc (2/2) D:12            Elf (0/3) Orc:2        Vaults (2/5) D:14
  Crypt (0/3) Vaults:2     Depths (0/4) D:15        Gauntlet (visited)

Altars:
Dithmenos
Gozag
Okawaru
Xom
Yredelemnul
Zin
Jiyva

Shops:
D:3 *   D:9 ?**?   D:15 ((*   Orc:2 !(((

Annotations:
D:10 2 transporters, Sobaton's ghost, novice MiFi
D:15 1 transporter
Swamp:1 contendunt's ghost, adept MiFi
Vaults:2 Mennas


Innate Abilities, Weirdness & Mutations

You are small and have problems with some larger weapons.
You are completely attuned to the shadows.


Message History

You feel much better. Mennas completely misses you. Mennas misses you.
Mennas hits you from afar with a +0 trishula of holy wrath!!
* * * LOW HITPOINT WARNING * * *
Mennas hits you from afar with a +0 trishula of holy wrath.
* * * LOW HITPOINT WARNING * * *
You feel much better. Mennas misses you. Mennas hits you but does no damage.
Mennas misses you. x2
Mennas hits you from afar with a +0 trishula of holy wrath.
* * * LOW HITPOINT WARNING * * *
Mennas hits you but does no damage.
You feel better. You block Mennas's attack.
Mennas hits you from afar with a +0 trishula of holy wrath.
* * * LOW HITPOINT WARNING * * *
You block Mennas's attack.
Mennas hits you from afar with a +0 trishula of holy wrath!
* * * LOW HITPOINT WARNING * * *
You feel much better. You block Mennas's attack.
Mennas hits you from afar with a +0 trishula of holy wrath.
Mennas misses you. You block Mennas's attack. You block Mennas's attack. x2
You block Mennas's attack. x2
Mennas hits you from afar with a +0 trishula of holy wrath!
* * * LOW HITPOINT WARNING * * *
You block Mennas's attack.
Mennas hits you from afar with a +0 trishula of holy wrath!
* * * LOW HITPOINT WARNING * * *
You block Mennas's attack. You block Mennas's attack. Mennas misses you.
Mennas hits you from afar with a +0 trishula of holy wrath.
* * * LOW HITPOINT WARNING * * *
You block Mennas's attack. You block Mennas's attack. x2
Mennas hits you from afar with a +0 trishula of holy wrath.
* * * LOW HITPOINT WARNING * * *
Mennas hits you from afar with a +0 trishula of holy wrath!
* * * LOW HITPOINT WARNING * * *
Mennas hits you from afar with a +0 trishula of holy wrath!
* * * LOW HITPOINT WARNING * * *
Mennas hits you from afar with a +0 trishula of holy wrath!
You die...

.....#
........#
######'##
.........#
#......#
#.........+
#......#
#.........#
#..#...#
#.........#
#....#.#
#.........
######.#....#
#..A.....
#........#
#.......
#..##.....
#@.....
#.#..#....
#.....
#......###
##### #.#..#.#
#..##..#
###############
#.)†.).#
#..)).#.......#
#......#
#.###.###.###.#
#...#..#
#...#.#...#...#
#.#†)..#
#.#######.#####


You could see Mennas (silencing).

Vanquished Creatures
  the Lernaean hydra (Swamp:4)
  Asterion (Spider:4)
  3 acid blobs (Lair:6)
  The ghost of Infinimo the Shatterer, an adept MiBe of Trog (Spider:4)
  Gastronok (Lair:1)
  Kirke (D:15)
  A storm dragon (D:15)
  3 fenstrider witches
  5 ghost moths
  A fire giant (D:15)
  10 emperor scorpions
  Aizul (Swamp:2)
  5 vault wardens
  Louise (Swamp:4)
  A ghoul (Swamp:2)
  5 ironbound preservers
  A broodmother (Spider:4)
  4 ironbound thunderhulks
  A very ugly thing (Vaults:2)
  A stone giant (D:15)
  2 vampire knights (Vaults:2)
  9 entropy weavers
  3 eleionomae
  3 spark wasps
  A minotaur (Gauntlet)
  4 bunyips
  7 dire elephants (Vaults:1)
  An eidolon (Vaults:2)
  A fire dragon (D:14)
  3 ettins
  A deep elf death mage (Vaults:1)
  7 yaktaur captains
  A deep elf high priest (Vaults:1)
  2 great orbs of eyes (D:15)
  10 boulder beetles
  3 ogre magi
  A salamander tyrant (D:15)
  35 hydras
  Harold (Lair:2)
  8 vault guards
  2 catoblepae
  A ghost crab (Swamp:3)
  2 jorogumos
  A spriggan air mage (Swamp:3)
  2 ironbound frosthearts
  A radroach (Spider:4)
  9 alligators
  7 centaur warriors
  A death knight (D:15)
  6 two-headed ogres
  A death scarab (Spider:4)
  An orc high priest (Orc:2)
  8 death yaks (Lair:6)
  5 tengu warriors
  A vampire mage (Vaults:2)
  The ghost of duchin the Conjurer, a novice TrWr of Vehumet (D:8)
  4 skeletal warriors
  10 deep trolls
  10 pharaoh ants
  3 goliath frogs
  A sea snake (shapeshifter) (Vaults:1)
  A sun moth (Spider:3)
  A steelbarb worm (shapeshifter) (Vaults:1)
  3 spriggan druids
  A flayed ghost (D:15)
  8 orb spiders
  7 steelbarb worms
  5 necromancers
  24 bog bodies
  6 harpies
  13 lindwurms
  2 orc knights (D:15)
  15 swamp dragons
  4 deep elf pyromancers
  7 wizards
  A wolf spider zombie (D:15)
  5 ironbound convokers
  22 wolf spiders
  A tengu skeleton (Vaults:1)
  23 ugly things
  2 salamanders (D:15)
  2 deep elf zephyrmancers (D:15)
  4 orc sorcerers (Orc:2)
  3 will-o-the-wisps
  3 moths of wrath
  A frost giant skeleton (Vaults:1)
  2 manticores
  12 cyclopes
  5 elephants (Lair:5)
  A guardian serpent (shapeshifter) (D:15)
  7 cane toads
  7 black mambas
  9 vault sentinels
  A gargoyle (D:12)
  2 unseen horrors (D:11)
  11 torpor snails
  2 rime drakes (Lair:5)
  8 demonic crawlers
  Psyche (D:11)
  A cane toad (shapeshifter) (D:14)
  19 yaktaurs
  A rime drake (shapeshifter) (D:13)
  A minotaur zombie (Gauntlet)
  9 komodo dragons
  2 tengu conjurers (D:15)
  A guardian mummy (D:12)
  15 hornets
  4 trolls
  2 bloated husks
  17 meliai
  A meliai (shapeshifter) (D:15)
  9 tyrant leeches
  Grinder (D:6)
  8 polar bears
  17 blink frogs
  4 dream sheep (Lair:6)
  A raiju (Gauntlet)
  24 tarantellas
  21 slime creatures
  13 flying skulls (Gauntlet)
  34 jumping spiders
  A spriggan (shapeshifter) (D:15)
  14 culicivoras
  3 centaur simulacra
  24 spriggans
  5 wyverns
  A vampire (D:11)
  A wraith (D:9)
  77 yaks
  7 basilisks
  2 golden eyes (shapeshifter)
  43 redbacks
  16 humans (D:14)
  8 vampire mosquitoes
  Menkaure (D:7)
  5 steam dragons
  An acid dragon (D:11)
  16 swamp worms
  20 water moccasins
  Duvessa (D:5)
  2 floating eyes (D:15)
  2 ice beasts (Vaults:1)
  11 swamp drakes
  6 black bears
  A sky beast (D:8)
  16 orc warriors
  4 necrophages (Swamp:2)
  7 ogres
  33 wolves
  5 boggarts (Lair:6)
  6 centaurs
  2 phantoms
  An ogre simulacrum (Vaults:1)
  12 bullfrogs
  A water moccasin zombie (D:7)
  A scorpion (D:6)
  A wyvern skeleton (D:7)
  Dowan (D:5)
  3 killer bees (D:9)
  4 wights (D:10)
  7 howler monkeys
  9 electric eels
  6 hounds
  5 centaur zombies
  20 orc priests
  A gnoll shaman (D:10)
  3 jellies
  2 centaur skeletons
  3 iguanas
  3 hell rats (Lair:6)
  26 orc wizards
  2 killer bee zombies (D:7)
  9 gnolls
  5 adders
  A howler monkey skeleton (D:7)
  5 river rats (Lair:6)
  A shadow imp (D:6)
  5 white imps
  2 ufetubi
  An adder skeleton (D:5)
  2 dart slugs (D:3)
  62 orcs
  3 ball pythons
  A bat (D:1)
  2 endoplasms
  4 giant cockroaches
  11 goblins
  6 hobgoblins
  2 jackals (D:3)
  3 quokkas
  5 frilled lizards
  5 kobolds
  9 rats
1261 creatures vanquished.

Vanquished Creatures (others)
  A sun moth (Spider:4)
  A lindwurm (Vaults:1)
  A wizard (Vaults:2)
  A bloated husk (Swamp:4)
  3 humans (D:15)
  A redback (Spider:1)
  An orc priest (Orc:2)
  An orc wizard (Orc:2)
  2 foxfires (Swamp:4)
  42 fungi
  54 plants
  14 withered plants (Gauntlet)
122 creatures vanquished.

Grand Total: 1383 creatures vanquished

Notes
Turn   | Place    | Note
-------+----------+-------------------------------------------
     0 | D:1      | Infinimo the Kobold Berserker began the quest for the Orb.
     0 | D:1      | Reached XP level 1. HP: 14/14 MP: 1/1
   308 | D:1      | Reached XP level 2. HP: 15/19 MP: 2/2
   309 | D:1      | Reached skill level 1 in Stealth
  1093 | D:1      | Reached XP level 3. HP: 13/23 MP: 3/3
  1607 | D:2      | Found a faded altar of an unknown god.
  2317 | D:2      | HP: 1/24 [orc/+0 hand axe (6)]
  2405 | D:2      | Reached skill level 2 in Stealth
  2405 | D:2      | Reached XP level 4. HP: 12/29 MP: 4/4
  2964 | D:3      | Reached skill level 5 in Short Blades
  2964 | D:3      | Reached XP level 5. HP: 16/33 MP: 5/5
  3020 | D:3      | Reached ** piety under Trog
  3216 | D:3      | Found Poas's General Store.
  3222 | D:3      | Bought a potion of curing for 30 gold pieces
  3242 | D:3      | Reached skill level 3 in Stealth
  3905 | D:3      | Reached XP level 6. HP: 39/39 MP: 6/6
  4055 | D:4      | Noticed an ogre
  4059 | D:4      | Killed an ogre
  4060 | D:4      | Reached skill level 4 in Stealth
  4115 | D:4      | Reached XP level 7. HP: 31/44 MP: 7/7
  4408 | D:4      | Reached skill level 5 in Fighting
  4658 | D:4      | Reached skill level 5 in Stealth
  4760 | D:4      | Reached skill level 5 in Dodging
  5205 | D:4      | Found an iron altar of Okawaru.
  5835 | D:4      | Identified a scroll of acquirement
  5835 | D:4      | Acquired the +5 quick blade of Pride {drain, rF++ Int+2}
  5863 | D:5      | Entered Level 5 of the Dungeon
  5873 | D:5      | Reached skill level 6 in Stealth
  5873 | D:5      | Reached XP level 8. HP: 50/50 MP: 8/8
  6054 | D:5      | Found a staircase to the Ecumenical Temple.
  6269 | D:5      | Noticed Duvessa
  6269 | D:5      | Noticed Dowan
  6271 | D:5      | Killed Duvessa
  6276 | D:5      | Killed Dowan
  6402 | D:5      | Reached skill level 7 in Stealth
  6877 | D:5      | Found a glowing silver altar of Zin.
  6905 | D:6      | Reached skill level 1 in Shields
  7102 | D:6      | Identified the +1 robe "Hagiugaj" {rN+ Dex+2 Slay+2 SInv}
  7335 | D:6      | Noticed Grinder
  7341 | D:6      | Reached skill level 8 in Stealth
  7341 | D:6      | Reached XP level 9. HP: 40/55 MP: 9/9
  7348 | D:6      | Killed Grinder
  7557 | D:6      | Found a basalt altar of Yredelemnul.
  7557 | D:6      | Found a shadowy altar of Dithmenos.
  7885 | D:7      | Reached *** piety under Trog
  7886 | D:7      | Reached skill level 9 in Stealth
  8289 | D:7      | Noticed Menkaure
  8297 | D:7      | Killed Menkaure
  8577 | D:7      | Reached skill level 10 in Stealth
  8851 | D:8      | Reached XP level 10. HP: 63/63 MP: 10/10
  9180 | D:8      | Found a staircase to the Lair.
  9719 | D:8      | Found a transporter.
  9723 | D:8      | Noticed duchin's ghost (novice TrWr)
  9723 | D:8      | Identified the +4 dire flail "Donk" {protect, rElec}
  9723 | D:8      | Identified the +2 great mace "Poagreri" {vorpal, Str+5
                  | Dex+2 SInv}
  9723 | D:8      | Noticed a two-headed ogre
  9819 | D:8      | Reached skill level 11 in Stealth
 10161 | D:8      | Killed a two-headed ogre
 10225 | D:8      | Killed duchin's ghost
 10226 | D:8      | Reached skill level 12 in Stealth
 10475 | D:8      | Found a transporter.
 10560 | D:9      | Reached **** piety under Trog
 10725 | D:9      | Noticed a white ugly thing
 10728 | D:9      | Killed a white ugly thing
 10729 | D:9      | Reached XP level 11. HP: 68/68 MP: 11/11
 10765 | D:9      | Found Zytashe's Assorted Antiques.
 10768 | D:9      | Bought a potion of heal wounds for 165 gold pieces
 10768 | D:9      | Bought 2 scrolls labelled NYRPHA MIMAIR for 66 gold pieces
 10768 | D:9      | Bought a red potion for 29 gold pieces
 10768 | D:9      | Bought a metallic blue potion for 29 gold pieces
 10768 | D:9      | Bought a tourmaline ring for 165 gold pieces
 10800 | D:9      | Reached skill level 10 in Short Blades
 10945 | D:9      | Found Pinig's General Store.
 10966 | D:9      | Found a shimmering altar of Xom.
 10966 | D:9      | Found an opulent altar of Gozag.
 11094 | D:9      | Found Oshralis's Magic Scroll Shop.
 11104 | D:9      | Bought a scroll of teleportation for 45 gold pieces
 11104 | D:9      | Bought a scroll of fear for 52 gold pieces
 11287 | D:9      | Noticed a cyan ugly thing
 11290 | D:9      | Noticed a brown ugly thing
 11291 | D:9      | Killed a cyan ugly thing
 11292 | D:9      | Reached skill level 13 in Stealth
 11292 | D:9      | Noticed a deep elf pyromancer
 11295 | D:9      | Killed a brown ugly thing
 11297 | D:9      | Killed a deep elf pyromancer
 11330 | D:9      | Noticed a centaur warrior
 11341 | D:9      | Killed a centaur warrior
 11550 | D:9      | Found Tiano's Magic Scroll Emporium.
 11639 | D:9      | Noticed a cyclops
 11641 | D:9      | Killed a cyclops
 11675 | D:9      | Noticed a lindwurm
 11717 | D:9      | Noticed a lindwurm
 11731 | D:9      | Noticed a lindwurm
 11736 | D:9      | Noticed a lindwurm
 11744 | D:9      | Killed a lindwurm
 11752 | D:9      | Killed a lindwurm
 11753 | D:9      | Reached skill level 14 in Stealth
 11753 | D:9      | Reached skill level 5 in Shields
 11776 | D:9      | Killed a lindwurm
 11799 | D:9      | Killed a lindwurm
 11966 | D:9      | Identified the +5 ring mail of the Dwarven Hall {Fly
                  | Slay+5}
 11997 | D:10     | Entered Level 10 of the Dungeon
 12197 | D:10     | Reached XP level 12. HP: 76/76 MP: 12/12
 12337 | D:10     | Found a transporter.
 12340 | D:10     | Noticed Sobaton's ghost (novice MiFi)
 12365 | D:10     | Found a transporter.
 12955 | D:10     | Noticed a two-headed ogre
 12957 | D:10     | Killed a two-headed ogre
 13384 | D:11     | Noticed Psyche
 13387 | D:11     | Killed Psyche
 13388 | D:11     | Reached skill level 10 in Dodging
 13388 | D:11     | Reached skill level 15 in Stealth
 13803 | D:12     | Noticed a boulder beetle
 13804 | D:12     | Killed a boulder beetle
 14084 | D:11     | Noticed a two-headed ogre
 14088 | D:11     | Killed a two-headed ogre
 14506 | Lair:1   | Entered Level 1 of the Lair of Beasts
 14514 | Lair:1   | Acquired a manual of Fighting
 14518 | Lair:1   | Acquired a +2 cloak of poison resistance
 14535 | Lair:1   | Noticed a six-headed hydra
 14537 | Lair:1   | Reached skill level 10 in Fighting
 14540 | Lair:1   | Killed a six-headed hydra
 14541 | Lair:1   | Reached skill level 16 in Stealth
 14877 | Lair:1   | Reached XP level 13. HP: 83/83 MP: 13/13
 14887 | Lair:1   | Found a gate leading to a gauntlet.
 14970 | Gauntlet | Entered a Gauntlet
 14970 | Gauntlet | Found a transporter.
 14991 | Gauntlet | Found a transporter.
 14999 | Gauntlet | Found a transporter.
 15005 | Gauntlet | Found a transporter.
 15027 | Gauntlet | Found a transporter.
 15040 | Gauntlet | Noticed a ghost crab
 15050 | Gauntlet | Found a transporter.
 15062 | Gauntlet | Found a transporter.
 15073 | Gauntlet | Noticed a reaper
 15089 | Gauntlet | Found a transporter.
 15118 | Gauntlet | Found a transporter.
 15130 | Gauntlet | Found a transporter.
 15153 | Gauntlet | Found a transporter.
 15165 | Gauntlet | Found a transporter.
 15173 | Gauntlet | Found a transporter.
 15195 | Gauntlet | Found a transporter.
 15197 | Gauntlet | Found a transporter.
 15223 | Gauntlet | Found a transporter.
 15475 | Gauntlet | Found a transporter.
 15521 | Gauntlet | Found a transporter.
 15894 | Gauntlet | Identified the +1 hat of Poor Excuses {Drain +Inv Regen+
                  | rCorr}
 15918 | Gauntlet | Noticed a minotaur
 15940 | Gauntlet | Killed a minotaur
 15941 | Gauntlet | Reached skill level 17 in Stealth
 16114 | Lair:1   | Noticed Gastronok
 16184 | Lair:1   | Killed Gastronok
 16445 | Lair:1   | Reached ***** piety under Trog
 16634 | Lair:2   | Found a hole to the Spider Nest.
 17237 | Lair:2   | Reached skill level 18 in Stealth
 17500 | Lair:2   | Reached XP level 14. HP: 92/92 MP: 14/14
 17723 | Lair:2   | Noticed Harold
 17745 | Lair:2   | Killed Harold
 18156 | Lair:3   | Identified the +0 pair of gloves "Fuathas" {+Blink Dex+3}
 18806 | Lair:3   | Received a gift from Trog
 18920 | Lair:3   | Found a staircase to the Swamp.
 19668 | Lair:4   | Reached skill level 19 in Stealth
 21173 | Lair:6   | Entered Level 6 of the Lair of Beasts
 21282 | Lair:6   | Reached skill level 20 in Stealth
 21294 | Lair:6   | Reached XP level 15. HP: 79/100 MP: 15/15
 21650 | Lair:6   | Found a runed translucent door.
 21694 | Lair:6   | Received a gift from Trog
 22450 | Lair:6   | Reached skill level 21 in Stealth
 22753 | Lair:6   | Found a viscous altar of Jiyva.
 22755 | Lair:6   | Found a staircase to the Slime Pits.
 22755 | Lair:6   | Noticed an acid blob
 22755 | Lair:6   | Noticed an acid blob
 22755 | Lair:6   | Noticed an acid blob
 22761 | Lair:6   | Killed an acid blob
 22773 | Lair:6   | Killed an acid blob
 22774 | Lair:6   | Reached skill level 15 in Short Blades
 22787 | Lair:6   | Killed an acid blob
 23062 | D:12     | Found a staircase to the Orcish Mines.
 23088 | D:12     | Reached skill level 15 in Fighting
 23435 | D:12     | Found a portal to a secret trove of treasure.
 23442 | Trove    | Entered a treasure trove
 23480 | Trove    | Identified the +1 quick blade of Asokopt {holy, rPois}
 23505 | Trove    | Identified the amulet "Tiesuy" {Reflect Int+5 Dex+3 SH+5}
 24113 | D:13     | Reached XP level 16. HP: 108/108 MP: 16/16
 24369 | D:13     | Reached * piety under Trog
 24848 | D:14     | Found a shadowy altar of Dithmenos.
 24859 | D:14     | Reached skill level 22 in Stealth
 25519 | D:14     | Found a gate to the Vaults.
 25949 | D:15     | Entered Level 15 of the Dungeon
 25979 | D:15     | Found Mapsar's Antique Weapon Emporium.
 26007 | D:15     | Identified the ring of Mualu {rPois rF+++ Will+ Dex+3
                  | Slay-6}
 26138 | D:15     | Noticed a fire giant
 26159 | D:15     | Killed a fire giant
 26259 | D:15     | Noticed Kirke
 26275 | D:15     | Killed Kirke
 26355 | D:15     | Reached skill level 23 in Stealth
 26379 | D:15     | Reached XP level 17. HP: 108/116 MP: 17/17
 26379 | D:15     | Identified the ring of Balance {*Corrode rF+ rC+ Str+4}
 26643 | D:15     | Found Xoungu Teev's Antique Weapon Shop.
 26644 | D:15     | Found a transporter.
 26684 | D:15     | Reached skill level 10 in Shields
 26685 | D:15     | Reached skill level 15 in Dodging
 26750 | D:15     | Found Qirghih's General Store.
 26794 | D:15     | Found a staircase to the Depths.
 26853 | D:15     | Identified the ring of Pantheism {Wiz Fly rC++ rCorr Dex-3}
 26854 | D:15     | Noticed a storm dragon
 26937 | D:15     | Killed a storm dragon
 26976 | D:15     | Identified the +10 quarterstaff of the Hundredfold Eyes
                  | {vorpal, Str+5 Dex+4}
 26998 | D:15     | Paralysed by a great orb of eyes for 2 turns
 27397 | Orc:1    | Entered Level 1 of the Orcish Mines
 27748 | Orc:2    | Entered Level 2 of the Orcish Mines
 28033 | Orc:2    | Found Ruics's Distillery.
 28041 | Orc:2    | Found Qunure's Weapon Shoppe.
 28046 | Orc:2    | Found Fore's Antique Weapon Emporium.
 28051 | Orc:2    | Found Ludut's Weapon Emporium.
 28102 | Orc:2    | Found a staircase to the Elven Halls.
 28452 | Orc:2    | Bought a potion of experience for 750 gold pieces
 28452 | Orc:2    | Bought a potion of curing for 45 gold pieces
 28452 | Orc:2    | Bought a potion of curing for 45 gold pieces
 28452 | Orc:2    | Bought a potion of haste for 150 gold pieces
 28452 | Orc:2    | Bought a potion of haste for 150 gold pieces
 28557 | D:9      | Bought a scroll of acquirement for 780 gold pieces
 28558 | D:9      | Acquired the ring of Roesuqid {Fly rC+ MP+9 EV+4 Dex+2}
 28611 | D:9      | Identified the +8 short sword of Kismet {pain, rC+ Str+6}
 28653 | D:9      | Bought a scroll of enchant weapon for 120 gold pieces
 28981 | Swamp:1  | Entered Level 1 of the Swamp
 29012 | Swamp:1  | Reached skill level 24 in Stealth
 29944 | Swamp:2  | Reached XP level 18. HP: 123/124 MP: 5/18
 30415 | Swamp:2  | Found a runed translucent gate.
 30559 | Swamp:2  | Found a runed translucent gate.
 30559 | Swamp:2  | Found a runed translucent gate.
 30561 | Swamp:2  | Noticed a tentacled monstrosity
 30737 | Swamp:2  | Noticed Aizul
 30741 | Swamp:2  | Killed Aizul
 30845 | Swamp:2  | Noticed contendunt's ghost (adept MiFi)
 31557 | Swamp:3  | Received a gift from Trog
 31698 | Swamp:3  | Reached skill level 25 in Stealth
 32522 | Swamp:4  | Entered Level 4 of the Swamp
 32626 | Swamp:4  | Noticed Louise
 32631 | Swamp:4  | Killed Louise
 33047 | Swamp:4  | Received a gift from Trog
 33053 | Swamp:4  | Reached XP level 19. HP: 131/131 MP: 3/19
 33396 | Swamp:4  | Noticed the 27-headed Lernaean hydra
 33407 | Swamp:4  | Killed the 27-headed Lernaean hydra
 33457 | Swamp:4  | Got a decaying rune of Zot
 33901 | Spider:1 | Entered Level 1 of the Spider Nest
 33945 | Spider:1 | Reached skill level 26 in Stealth
 35943 | Spider:2 | You are sucked into a shaft and drop 1 floor!
 37593 | Spider:3 | Identified the +0 helmet of the Sturgeon {rN+ SInv}
 37993 | Spider:3 | Reached ****** piety under Trog
 38492 | Spider:3 | Reached skill level 27 in Stealth
 38492 | Spider:3 | Reached XP level 20. HP: 139/139 MP: 20/20
 38645 | Spider:4 | Entered Level 4 of the Spider Nest
 38655 | Spider:4 | Reached XP level 21. HP: 144/144 MP: 15/21
 39285 | Spider:4 | Found a transporter.
 39288 | Spider:4 | Found a transporter.
 39288 | Spider:4 | Noticed Infinimo's ghost (adept MiBe)
 39460 | Spider:4 | Noticed Asterion
 39464 | Spider:4 | Killed Asterion
 39603 | Spider:4 | Received a gift from Trog
 40743 | Spider:4 | Got a gossamer rune of Zot
 41696 | Spider:4 | Killed Infinimo's ghost
 42395 | Vaults:1 | Entered Level 1 of the Vaults
 42931 | Vaults:1 | Identified the +8 spear "Fouraj" {vorpal, Str+4} (Trog
                  | gifted it to you on level 1 of the Vaults)
 42931 | Vaults:1 | Received a gift from Trog
 43718 | Vaults:1 | Identified the +0 pair of gloves "Neafox" {rF++}
 44082 | Vaults:1 | Reached XP level 22. HP: 152/152 MP: 22/22
 45136 | Vaults:2 | Identified the +0 robe of the Purple Skies {Str+4 Dex+2}
 45144 | Vaults:2 | Found a staircase to the Crypt.
 45255 | Vaults:2 | Received a gift from Trog
 45814 | Vaults:2 | Noticed Mennas
 45833 | Vaults:2 | HP: 6/153 [Mennas/+0 trishula of holy wrath (4)]
 45842 | Vaults:2 | Slain by Mennas

Illustrated notes

Levels and vault maps discovered:
D:1:      minmay_arrival_hallway, layout_basic, serial_forest,
          infiniplex_forest_corner_2, infiniplex_forest_end_1,
          infiniplex_forest_straight_2, infiniplex_forest_join,
          infiniplex_forest_clump_curved, infiniplex_forest_straight_3,
          infiniplex_forest_straight_1
D:2:      layout_basic, shapermc_ecumenical_altar_rom_forum
D:3:      layout_rooms, serial_shops, shop
D:4:      layout_loops_ring, okawaru_trees_1
D:5:      layout_loops_ring, marbit_many_paths, minmay_temple_entry_arrows,
          roderic_serpentine_path, minivault_14, uniq_duvessa
D:6:      layout_rooms, gammafunk_temple_overflow_elements, uniq_grinder
D:7:      layout_loops_cross, uniq_menkaure
D:8:      layout_cave_pods, lair_entry_dummy, gammafunk_ghost_smash,
          kennysheep_boxes
D:9:      minmay_tri_box, layout_small_grid, gammafunk_temple_overflow_statue,
          serial_shops, nicolae_shop_behind_doors, shop_fountains, shop_statue,
          nicolae_shop_window_shopping, minmay_lindwurm_lava
D:10:     layout_stronghold, gammafunk_ghost_stat_death
D:11:     layout_roguey, uniq_psyche
D:12:     layout_roguey, orc_0_dummy, nicolae_trove_entry_path_of_doom,
          nrook_campfire
D:13:     layout_loops_ring
D:14:     layout_irregular_city, grunt_vaults_entry_tiered,
          nicolae_dithmenos_the_darkroom, serial_column_ruins,
          column_ruins_courtyard_long_water, column_ruins_grid_1,
          column_ruins_columns_straight, column_ruins_grid_3,
          column_ruins_columns_corner, column_ruins_open_tiny,
          column_ruins_grid_1, column_ruins_open_small_water, st_stairs_10
D:15:     hangedman_spin_cycle
Lair:1:   layout_layer_cave, gauntlet_entry_generic, uniq_gastronok
Lair:2:   layout_layer_cave, spider_nest_entry_webs, worms_lemuel,
          serial_bayou_shore_a, grunt_megastairs_5, uniq_harold
Lair:3:   layout_cave_pods, swamp_mist, grunt_megastairs_2
Lair:4:   layout_regular_city, eino_small_chamber_without_monster,
          infiniplex_staircase_pool_2
Lair:5:   layout_loops_ring, lemuel_fruit_fields
Lair:6:   minmay_lair_end_enchanted_forest, layout_regular_city, slime_altar_2,
          kennysheep_abandoned_house, infiniplex_staircase_pool,
          grunt_megastairs_4
Swamp:1:  layout_falls_marsh, evilmike_swamp_ruin_house_1
Swamp:2:  layout_falls_marsh, gammafunk_ghost_split, nicolae_swamp_some_circles,
          hangedman_swamp_ravenous, uniq_aizul
Swamp:3:  layout_falls_marsh, nicolae_swamp_big_swirl, swamp_pool1,
          st_swamp_ruins_2
Swamp:4:  grunt_swamp_rune_castle, layout_basic_swamp, uniq_louise
Spider:1: layout_cave_pods
Spider:2: layout_spider_delve
Spider:3: layout_spider_delve
Spider:4: hellmonk_spider_rune_bug_friends, gammafunk_ghost_arena,
          nicolae_spider_nook, uniq_asterion
Orc:1:    layout_diamond_mine
Orc:2:    st_orc_mages, layout_caves
Vaults:1: st_octagons_1, ontoclasm_vaults_chip, hangedman_vaults_nails,
          ontoclasm_vaults_ligature, v_rooms_6, serial_ice_g,
          nicolae_vaults_mini_display_case, layout_vaults_omnigrid
Vaults:2: hangedman_vaults_nodes, vaults_mumra_chevron,
          nicolae_vaults_branching_niches, nicolae_vaults_network_periphery,
          minmay_crypt_entry_simple_corners, v_rooms_6,
          nicolae_vaults_what_the_h, nicolae_vaults_sealed_display,
          nicolae_vaults_network_quinsquares
          [nicolae_vaults_network_quincunx_subvault,
          nicolae_vaults_network_quincunx_subvault,
          nicolae_vaults_network_quincunx_subvault,
          nicolae_vaults_network_quincunx_subvault],
          nicolae_vaults_little_squares_4, layout_vaults_maze_snakey,
          uniq_mennas

Skill      XL: |  1  2  3  4  5  6  7  8  9 10 11 12 13 14 15 16 17 18 19 20 21 22 |
---------------+-------------------------------------------------------------------+-----
Stealth        | 1 2 3 4 6 8 10 12 14 16 18 20 21 23 24 25 27 | 27.0
Dodging        | 3 4 5 6 7 8 9 10 11 12 13 14 15 16 17 18 19 | 19.3
Fighting       | 4 5 6 7 8 9 10 12 13 15 16 17 18 19 20 | 20.5
Short Blades   | 5 6 7 8 9 10 12 13 14 15 16 17 18 19 20 21 | 21.0
Shields        | 1 3 4 5 6 7 8 9 10 11 12 13 | 13.5
Armour         | |  1.5

Action                   |  1- 3 |  4- 6 |  7- 9 | 10-12 | 13-15 | 16-18 | 19-21 | 22-24 || total
-------------------------+-------+-------+-------+-------+-------+-------+-------+-------++-------
Melee: Short sword       |    86 |   118 |    97 |       |       |       |       |       ||   301
       Punch             |       |     2 |     1 |       |       |       |       |       ||     3
       Quick blade       |       |       |   159 |   378 |  1273 |  1397 |  1502 |   490 ||  5199
Invok: Berserk           |     3 |     7 |    10 |    13 |    16 |    28 |    25 |     6 ||   108
  Use: Scroll            |     2 |       |     8 |     8 |    10 |    11 |     6 |       ||    45
       Potion            |       |       |     6 |     5 |       |     1 |     4 |     4 ||    20
 Stab: Sleeping          |     9 |     5 |    24 |    38 |    91 |   101 |    90 |    25 ||   383
       Distracted        |       |       |       |     2 |    10 |    20 |    14 |     1 ||    47
       Petrifying        |       |       |       |       |       |     1 |       |       ||     1
       Petrified         |       |       |       |       |       |     1 |       |       ||     1
Armor: Animal skin       |     6 |    10 |     5 |       |       |       |       |       ||    21
       Skin              |       |       |    14 |       |       |       |       |       ||    14
       Robe              |       |       |     5 |     5 |       |       |       |       ||    10
       Ring mail         |       |       |       |    29 |   153 |   139 |   281 |    23 ||   625
Dodge: Dodged            |    58 |   114 |   107 |   119 |   398 |   400 |   810 |   151 ||  2157
Block: Buckler           |       |       |    20 |    51 |   265 |   246 |       |       ||   582
       Reflection        |       |       |       |       |     2 |     7 |     6 |    11 ||    26
       Kite shield       |       |       |       |       |       |   222 |  1103 |   251 ||  1576
